 Dungeon Crawl Stone Soup version 0.21-a0-110-g8e1637b (webtiles) character file.

11361 Kidiri the Thaumaturge (level 11, -3/61 HPs)
             Began as a Deep Elf Fire Elementalist on July 10, 2017.
             Was an Elder of Vehumet.
             Slain by a five-headed hydra (9 damage)
             ... on level 1 of the Lair of Beasts.
             The game lasted 01:19:36 (15535 turns).

Kidiri the Thaumaturge (DEFE)                      Turns: 15535, Time: 01:19:37

Health: -3/61      AC:  5    Str:  5    XL:     11   Next: 48%
Magic:  27/28      EV: 16    Int: 26    God:    Vehumet [****..]
Gold:   777        SH:  5    Dex: 15    Spells: 6/32 levels left

rFire    . . .     SeeInvis .   E - +3 short sword (drain)
rCold    . . .     Gourm    .   e - +0 buckler
rNeg     . . .     Faith    +   a - +0 robe
rPois    .         Spirit   .   d - +0 helmet
rElec    .         Reflect  .   (no cloak)
rCorr    .         Harm     .   v - +1 pair of gloves
MR       +....                  (no boots)
Stlth    ++........             I - amulet of faith
HPRegen  0.20/turn              B - ring of wizardry
MPRegen  0.21/turn              x - +2 ring of intelligence

@: lethally poisoned (-3 -> -7)
A: subdued magic 1
a: Renounce Religion


You were on level 1 of the Lair of Beasts.
You worshipped Vehumet.
Vehumet was greatly pleased with you.
You were completely stuffed.

You visited 3 branches of the dungeon, and saw 11 of its levels.

You collected 777 gold pieces.

Inventory:

Hand Weapons
 E - a +3 short sword of draining (weapon)
Missiles
 F - 2 throwing nets (quivered)
Armour
 a - a +0 robe (worn)
 d - a +0 helmet (worn)
 e - a +0 buckler (worn)
 v - a +1 pair of gloves (worn)
Jewellery
 l - an uncursed ring of fire
 q - an uncursed ring of see invisible
 u - an uncursed ring of flight
 x - a +2 ring of intelligence (right hand)
 B - a ring of wizardry (left hand)
 I - an amulet of faith (around neck)
Wands
 A - a wand of disintegration (2/24)
Scrolls
 g - 4 scrolls of remove curse
 k - a scroll of immolation
 m - 2 scrolls of magic mapping
 n - 3 scrolls of teleportation
 y - 2 scrolls of fear
Potions
 f - a potion of magic
 i - a potion of might
 j - 2 potions of heal wounds
 o - a potion of ambrosia
 w - 4 potions of haste
 z - 3 potions of brilliance
 D - a potion of resistance
 K - 2 potions of curing
 L - a potion of agility {unknown}
Books
 M - a book of Frost

   Spells                             Type                      Level
   a - Freeze                         Ice                          1
   b - Throw Frost                    Conjuration/Ice              2
   c - Ozocubu's Armour               Charms/Ice                   3
   d - Throw Icicle                   Conjuration/Ice              4
   e - Summon Ice Beast               Ice/Summoning                4
Comestibles
 c - 6 bread rations
 p - 12 fruits
 s - 7 meat rations
 H - 2 royal jellies


   Skills:
 + Level 4.0 Fighting
 + Level 5.4 Short Blades
 + Level 4.2 Armour
 + Level 6.3 Dodging
 - Level 2.4 Stealth
 + Level 3.7 Shields
 * Level 11.3 Spellcasting
 + Level 6.3 Conjurations
 + Level 7.6 Fire Magic
 + Level 3.1 Ice Magic
 + Level 3.5 Air Magic
 + Level 3.9 Poison Magic
 + Level 4.9 Evocations


You had 6 spell levels left.
You knew the following spells:

 Your Spells              Type           Power        Failure   Level  Hunger
a - Flame Tongue          Conj/Fire      #####        1%          1    None
b - Throw Flame           Conj/Fire      #####.       1%          2    None
c - Conjure Flame         Conj/Fire      #####...     1%          3    None
d - Inner Flame           Hex/Fire       ####....     1%          3    None
e - Sticky Flame          Conj/Fire      #####...     1%          4    None
f - Fireball              Conj/Fire      #####.....   1%          5    ###....
g - Throw Frost           Conj/Ice       ####..       1%          2    None
h - Mephitic Cloud        Conj/Pois/Air  ####....     1%          3    None
i - Ignite Poison         Fire/Tmut/Pois ####....     1%          3    None


Dungeon Overview and Level Annotations

Branches:
Dungeon (9/15)             Temple (1/1) D:6            Lair (1/6) D:9
    Orc: D:9-12

Altars:
Ashenzari
Cheibriados
Dithmenos
Elyvilon
Fedhas
Gozag
Hepliaklqana
Kikubaaqudgha
Makhleb
Nemelex Xobeh
Okawaru
Qazlal
Ru
Sif Muna
Trog
Uskayaw
Vehumet
Wu Jian
Xom
Yredelemnul
Zin
The Shining One

Annotations:
D:8 exclusion: upstairs


Innate Abilities, Weirdness & Mutations

Your spells are a little easier to cast, but a little less powerful.


Message History

A five-headed hydra comes into view.
You see here a chunk of flesh.
The five-headed hydra roars!
You hear an angry hiss.
You feel sick.
The five-headed hydra is engulfed in a cloud of scalding steam.
Casting: Throw Flame
Confirm with . or Enter, or press ? or * to list all spells.
Aiming: Flame Tongue
Press: ? - help, Shift-Dir - straight line, f - five-headed hydra
Aim: a five-headed hydra (moderately wounded)
The flame tongue hits the five-headed hydra.
The five-headed hydra is heavily wounded.
You feel sick.
The five-headed hydra is engulfed in a cloud of scalding steam.
The five-headed hydra barely misses you.
The five-headed hydra bites you.
* * * LOW HITPOINT WARNING * * *
The five-headed hydra closely misses you.
The five-headed hydra bites you!
You die...

.####..# #### .. #...... .##
#..###..# ≈≈ #...... ..#
##......# #§ #......
#####.......# #≈## #...... #
##........# #§≈#### #......
###.........######≈#≈≈#####.....#
.#...>......##..##§≈≈≈≈..........
.##.........##...D≈≈≈≈≈≈≈≈≈≈...##
.#..........##..@.%≈#≈####≈≈...#
..#.........######≈≈#≈..##≈≈..##
..≈≈........# #≈##.#.###≈.## #
..≈≈≈≈≈.....# #≈####..##≈.# #
.≈≈≈≈≈≈.....# #≈# ####.## #
...≈≈≈≈≈....# ≈≈# #..###
.<.≈≈≈≈≈....# ≈## #..##.
...≈≈≈≈≈....# #≈ #.....
.≈≈≈≈≈≈≈....# #...#.


You could see a five-headed hydra.

Vanquished Creatures
  Pikel (D:6)
  2 black mambas (Lair:1)
  A spiny frog (Lair:1)
  A centaur skeleton (D:8)
  Joseph (D:9)
  Prince Ribbit (D:5)
  A troll (D:9)
  Grinder (D:6)
  A hippogriff (D:8)
  Sigmund (D:6)
  The ghost of Leszczynek the Chopper, an amateur DDFi (D:4)
  12 yaks
  Eustachio (D:5)
  Edmund (D:6)
  9 water moccasins
  A porcupine (Lair:1)
  2 ice beasts
  An orc warrior (D:7)
  2 black bears
  2 phantoms
  4 sky beasts
  3 slaves (D:6)
  4 ogres
  2 necrophages
  2 wolves (D:9)
  2 centaurs
  2 crocodiles (Lair:1)
  Blork the orc (D:5)
  An elf zombie (D:7)
  6 bullfrogs
  3 scorpions
  16 wights
  5 electric eels
  A howler monkey (D:4)
  2 crimson imps
  3 bullfrog zombies
  A centaur zombie (D:8)
  A quasit (D:7)
  4 human zombies (D:7)
  6 orc priests
  4 orc wizards
  11 hounds
  3 jellies
  A bullfrog skeleton (D:4)
  2 human skeletons (D:7)
  3 iguanas
  5 worker ants
  2 hound skeletons
  3 mummies (D:7)
  A worker ant zombie (D:9)
  Robin (D:2)
  16 adders
  2 shadow imps
  An ooze (D:7)
  2 adder skeletons (D:6)
  3 worms (D:3)
  5 leopard geckos
  22 orcs
  8 giant cockroaches
  8 goblins
  12 hobgoblins
  7 jackals
  9 kobolds
  9 quokkas
  8 bats
  6 frilled lizards
  9 rats
275 creatures vanquished.

Vanquished Creatures (others)
  An adder skeleton (D:6)
  A fungus (Lair:1)
  A plant (D:4)
3 creatures vanquished.

Grand Total: 278 creatures vanquished

Notes
Turn   | Place    | Note
-------+----------+-------------------------------------------
     0 | D:1      | Kidiri the Deep Elf Fire Elementalist began the quest for the Orb.
     0 | D:1      | Reached XP level 1. HP: 10/10 MP: 6/6
   147 | D:1      | Reached XP level 2. HP: 15/15 MP: 3/8
   177 | D:1      | Learned a level 2 spell: Throw Flame
   679 | D:1      | Reached skill level 4 in Spellcasting
   715 | D:1      | Reached XP level 3. HP: 17/19 MP: 7/10
   720 | D:1      | Learned a level 3 spell: Conjure Flame
   724 | D:1      | Learned a level 3 spell: Inner Flame
  1329 | D:2      | You fall through a shaft!
  1398 | D:3      | Found an iron altar of Okawaru.
  1399 | D:3      | Found a snail-covered altar of Cheibriados.
  1959 | D:2      | Noticed Robin
  1983 | D:2      | Killed Robin
  1983 | D:2      | Reached XP level 4. HP: 16/24 MP: 0/12
  2248 | D:2      | Found a faded altar of an unknown god.
  2253 | D:2      | Reached skill level 5 in Spellcasting
  2523 | D:3      | Learned a level 4 spell: Sticky Flame
  3480 | D:1      | Reached XP level 5. HP: 28/28 MP: 12/14
  3757 | D:4      | Reached skill level 6 in Spellcasting
  4124 | D:4      | Reached XP level 6. HP: 32/32 MP: 12/17
  4175 | D:4      | Found a blossoming altar of Fedhas.
  4426 | D:4      | Learned a level 5 spell: Fireball
  4560 | D:4      | Noticed Leszczynek's ghost (amateur DDFi)
  4566 | D:4      | Killed Leszczynek's ghost
  4566 | D:4      | Reached skill level 5 in Fire Magic
  4567 | D:4      | Reached skill level 7 in Spellcasting
  4568 | D:4      | Reached XP level 7. HP: 20/37 MP: 0/19
  4921 | D:5      | Entered Level 5 of the Dungeon
  4930 | D:5      | Reached skill level 1 in Short Blades
  5075 | D:5      | Reached skill level 1 in Armour
  5207 | D:5      | Reached skill level 1 in Fighting
  5207 | D:5      | Reached skill level 1 in Evocations
  5211 | D:5      | Gained mutation: You are weak. (Str -2) [mutagenic meat]
  5212 | D:5      | Gained mutation: You have large cloven feet. [mutagenic meat]
  5213 | D:5      | Gained mutation: Your mind is acute. (Int +2) [mutagenic meat]
  5215 | D:5      | Lost mutation: You have large cloven feet. [mutagenic meat]
  5216 | D:5      | Lost mutation: You are weak. (Str -2) [mutagenic meat]
  5462 | D:5      | Noticed Prince Ribbit
  5469 | D:5      | Killed Prince Ribbit
  5469 | D:5      | Reached skill level 1 in Shields
  5469 | D:5      | Reached XP level 8. HP: 43/43 MP: 7/21
  5664 | D:5      | Noticed Eustachio
  5726 | D:5      | Reached skill level 8 in Spellcasting
  6189 | D:5      | Noticed Blork the orc
  6240 | D:5      | Killed Blork the orc
  6240 | D:5      | Killed Eustachio
  6621 | D:6      | Found a glowing silver altar of Zin.
  6625 | D:6      | Found an opulent altar of Gozag.
  7207 | D:6      | Noticed Pikel
  7209 | D:6      | Killed Pikel
  7209 | D:6      | Reached skill level 9 in Spellcasting
  7209 | D:6      | Reached skill level 5 in Conjurations
  7209 | D:6      | Reached XP level 9. HP: 49/49 MP: 12/24
  7210 | D:6      | Noticed Sigmund
  7211 | D:6      | Noticed Edmund
  7223 | D:6      | Killed Edmund
  7224 | D:6      | Killed Sigmund
  7369 | D:6      | Found a sacrificial altar of Ru.
  7374 | D:6      | Found a staircase to the Ecumenical Temple.
  7383 | Temple   | Entered the Ecumenical Temple
  7624 | D:6      | Learned a level 3 spell: Mephitic Cloud
  7770 | D:6      | Found a deep blue altar of Sif Muna.
  7771 | D:6      | Found a hazy altar of Hepliaklqana.
  7773 | D:6      | Found a radiant altar of Vehumet.
  7774 | D:6      | Found a hide-covered altar of Uskayaw.
  7776 | D:6      | Found a burning altar of Makhleb.
  7785 | D:6      | Became a worshipper of Vehumet
  8269 | D:6      | Noticed Grinder
  8273 | D:6      | Killed Grinder
  8273 | D:6      | Reached skill level 1 in Air Magic
  8273 | D:6      | Reached skill level 1 in Poison Magic
  8833 | D:7      | Reached skill level 5 in Dodging
  9304 | D:7      | Reached * piety under Vehumet
  9304 | D:7      | Offered knowledge of Sting by Vehumet.
  9343 | D:7      | Reached skill level 10 in Spellcasting
  9345 | D:7      | Found an ancient bone altar of Kikubaaqudgha.
  9760 | D:7      | Reached XP level 10. HP: 54/54 MP: 19/26
  9856 | D:7      | Found a stormy altar of Qazlal.
  9930 | D:7      | Lost mutation: Your mind is acute. (Int +2) [mutagenic meat]
  9931 | D:7      | Gained mutation: Your spells are a little easier to cast, but a little less powerful. [mutagenic meat]
 11169 | D:8      | Found a bloodstained altar of Trog.
 11337 | D:8      | Offered knowledge of Freeze by Vehumet.
 11347 | D:8      | Learned a level 1 spell: Freeze
 11590 | D:8      | Reached ** piety under Vehumet
 12728 | D:9      | Reached skill level 1 in Ice Magic
 12778 | D:9      | Offered knowledge of Throw Frost by Vehumet.
 12902 | D:9      | Noticed Joseph
 13182 | D:9      | Reached *** piety under Vehumet
 13210 | D:9      | Killed Joseph
 13303 | D:9      | Learned a level 2 spell: Throw Frost
 13460 | D:9      | Reached XP level 11. HP: 60/60 MP: 12/27
 13462 | D:9      | Offered knowledge of Iskenderun's Mystic Blast by Vehumet.
 13470 | D:9      | Found a shadowy altar of Dithmenos.
 13667 | D:9      | Found a staircase to the Lair.
 13879 | Lair:1   | Entered Level 1 of the Lair of Beasts
 13893 | Lair:1   | Reached skill level 5 in Short Blades
 13893 | Lair:1   | Reached skill level 11 in Spellcasting
 14698 | Lair:1   | Reached **** piety under Vehumet
 15346 | Lair:1   | Offered knowledge of Ignite Poison by Vehumet.
 15351 | Lair:1   | Learned a level 3 spell: Ignite Poison
 15533 | Lair:1   | Noticed a five-headed hydra
 15535 | Lair:1   | Slain by a five-headed hydra

Vault maps used:
D:1:      lemuel_arrival_lava_pool
D:2:      chequers_ecumenical_altar_lobes, uniq_robin
D:3:      nicolae_overflow_hidden_temple, first_bread
D:4:      fedhas_altar_4, serial_forest, infiniplex_forest_lined_corner,
          infiniplex_forest_straight_2, infiniplex_forest_lined_2,
          infiniplex_forest_corner_2, infiniplex_forest_straight_2,
          infiniplex_forest_clump_small, infiniplex_forest_end_2,
          infiniplex_forest_clump_small
D:5:      uniq_blork_the_orc, uniq_eustachio, uniq_prince_ribbit1
D:6:      minitemple, nicolae_overflow_crystal_walls, minmay_temple_entry_trees,
          sigmund_edmund_badplayer, uniq_pikel, uniq_grinder
D:7:      lemuel_doored_altar, grunt_ogre_cave,
          lemuel_mausoleum_altar_kikubaaqudgha
D:8:      kennysheep_another_room, minmay_misc_feat_chi, trog_book
D:9:      kennysheep_mini_moat, erik_lair_island, uniq_joseph
Temple:   jpeg_temple_island
Lair:1:   lemuel_reptile_caves, infiniplex_staircase_pool, lemuel_fruit_fields

Skill      XL: |  1  2  3  4  5  6  7  8  9 10 11 |
---------------+----------------------------------+-----
Spellcasting   | 4 5 6 7 9 10 11 | 11.3
Conjurations   | 2 3 4 5 6 |  6.3
Fire Magic     | 4 5 6 7 |  7.6
Short Blades   | 1 3 4 5 |  5.4
Dodging        | 3 4 5 6 |  6.3
Armour         | 1 2 3 4 |  4.2
Fighting       | 1 2 3 4 |  4.0
Evocations     | 1 3 4 |  4.9
Shields        | 1 2 3 |  3.7
Air Magic      | 1 2 3 |  3.5
Poison Magic   | 1 2 3 |  3.9
Ice Magic      | 2 3 |  3.1
Stealth        | |  2.4

Action                   |  1- 3 |  4- 6 |  7- 9 | 10-12 || total
-------------------------+-------+-------+-------+-------++-------
Melee: Unarmed           |     2 |       |       |       ||     2
       Short sword       |    11 |    42 |    72 |    91 ||   216
       Dagger            |     3 |       |       |       ||     3
 Cast: Flame Tongue      |    62 |    48 |    82 |   161 ||   353
       Conjure Flame     |     4 |     2 |     7 |     5 ||    18
       Sticky Flame      |       |     8 |    29 |    49 ||    86
       Throw Flame       |       |     1 |     9 |    50 ||    60
       Inner Flame       |       |     3 |     2 |     2 ||     7
       Fireball          |       |     1 |    11 |     9 ||    21
       Mephitic Cloud    |       |       |       |     2 ||     2
       Throw Frost       |       |       |       |     3 ||     3
 Abil: Evoke Flight      |       |     1 |       |       ||     1
Evoke: Wand              |       |       |     1 |     4 ||     5
  Use: Scroll            |     8 |     3 |     7 |     9 ||    27
       Potion            |     2 |       |       |     2 ||     4
 Stab: Sleeping          |     6 |     3 |     5 |     2 ||    16
       Distracted        |       |     1 |       |       ||     1
  Eat: Chunk             |     3 |     6 |    10 |    13 ||    32
       Royal jelly       |       |     3 |     1 |       ||     4
       Bread ration      |       |       |     2 |       ||     2
       Fruit             |       |       |     8 |    12 ||    20
Armor: Robe              |     8 |    12 |    12 |    16 ||    48
Dodge: Dodged            |    16 |    57 |    82 |    88 ||   243
Block: Buckler           |       |       |     3 |    32 ||    35
